 Dungeon Sprint DCSS version 0.29.1-15-g9cfb28693d (webtiles) character file.

Game seed: 13981398268379528682

909 boopmooplesden the Protected (level 7, -2/74 HPs)
             Began as a Minotaur Fighter on Mar 19, 2023.
             Slain by a wyvern (3 damage)
             ... in the Dungeon (Sprint II: "The Violet Keep of Menkaure").
             The game lasted 00:00:42 (541 turns).

boopmooplesden the Protected (Minotaur Fighter)      Turns: 541, Time: 00:00:43

Health: -2/74      AC:  6    Str: 21      XL:     7   Next: 81%
Magic:  6/6        EV: 10    Int:  5      God:
Gold:   486        SH:  5    Dex:  7 (9)  Spells: 6/6 levels left

rFire   . . .      SeeInvis .   a - +0 war axe
rCold   . . .      Faith    .   c - +0 buckler
rNeg    . . .      Spirit   .   b - +0 scale mail
rPois   .          Reflect  .   (helmet restricted)
rElec   .          Harm     .   (no cloak)
rCorr   .          Rampage  .   (no gloves)
Will    .....      NoTele   +   (no boots)
Stlth   ..........              (no amulet)
HPRegen 0.22/turn               (no ring)
MPRegen 0.10/turn               (no ring)

@: no status effects
A: horns 2, retaliatory headbutt, deformed body, deterioration 1, weak 1,
evolution 1
a: no special abilities


You were in the Dungeon.
You visited 1 branch You collected 486 gold pieces.

Inventory:

Hand Weapons
 a - a +0 war axe (weapon)
Armour
 b - a +0 scale mail (worn)
 c - a +0 buckler (worn)
Scrolls
 j - a scroll of blinking
Potions
 g - a potion of haste
 h - 2 potions of magic


   Skills:
 + Level 11.2 Fighting
 + Level 10.1 Axes
 + Level 11.7 Armour
 + Level 2.0 Dodging
 + Level 0.1 Stealth
 + Level 10.0 Shields


You had 6 spell levels left.
You didn't know any spells.
Your spell library was empty.

Dungeon Overview and Level Annotations

Branches:
Dungeon (1/1)

Altars:


Innate Abilities, Weirdness & Mutations

You have a pair of horns on your head.
You reflexively headbutt those who attack you in melee.
Armour fits poorly on your strangely shaped body.
Your body sometimes deteriorates upon taking damage.
You are weak. (Str -2)
You have hidden genetic potential.


Message History

The wyvern bites you but does no damage.
You slash the wyvern!
The wyvern is almost dead.
You block the wyvern's attack. The wyvern bites you!
* * * LOW HITPOINT WARNING * * *
Your body deteriorates!
You feel clumsy.
You barely miss the wyvern.
The wyvern is almost dead.
You block the wyvern's attack. The wyvern closely misses you.
You furiously retaliate!
You headbutt the wyvern!
You kill the wyvern!
You feel your intelligence returning.
You feel your dexterity returning.
Your Fighting skill increases to level 11!
Your Axes skill increases to level 10!
Your Dodging skill increases to level 2!
Your Shields skill increases to level 10!
You hit the wyvern but do no damage. The wyvern bites you!
* * * LOW HITPOINT WARNING * * *
Your body deteriorates!
You feel clumsy.
You barely miss the wyvern. Your headbutt misses the wyvern.
The wyvern bites you but does no damage.
The wyvern bites you.
* * * LOW HITPOINT WARNING * * *
You barely miss the wyvern. Your headbutt misses the wyvern.
The wyvern misses you.
You hit the wyvern. You headbutt the wyvern!
The wyvern is heavily wounded.
The wyvern bites you.
* * * LOW HITPOINT WARNING * * *
The wyvern misses you.
You barely miss the wyvern.
You headbutt the wyvern, but do no damage.
The wyvern is heavily wounded.
The wyvern bites you but does no damage.
The wyvern bites you.
* * * LOW HITPOINT WARNING * * *
You closely miss the wyvern.
The wyvern is heavily wounded.
The wyvern bites you.
You die...

### ##
#..##.#
#...# ##
##'## .##
##.###..#
+.<.'.##+
##@###..#
#l# #.##
$#. ###
.# #. ##
##


You could see a wyvern.

Vanquished Creatures
  A wyvern (D)
  4 neqoxecs (D)
  4 scorpions (D)
9 creatures vanquished.

Notes
Turn   | Place    | Note
-------+----------+-------------------------------------------
     0 | D        | boopmooplesden the Minotaur Fighter began the quest for the
                  | Orb.
     0 | D        | Reached XP level 1. HP: 19/19 MP: 0/0
     1 | D        | Noticed a scorpion
     1 | D        | Noticed a scorpion
     6 | D        | Killed a scorpion
     7 | D        | Reached XP level 2. HP: 21/30 MP: 1/1
     7 | D        | Reached XP level 3. HP: 26/37 MP: 2/2
    13 | D        | Killed a scorpion
    14 | D        | Reached XP level 4. HP: 9/47 MP: 3/3
    16 | D        | Noticed a scorpion
    16 | D        | Noticed a scorpion
    20 | D        | Killed a scorpion
    21 | D        | Reached skill level 5 in Axes
    21 | D        | Reached XP level 5. HP: 7/53 MP: 4/4
    21 | D        | HP: 2/53 [scorpion (4)]
   310 | D        | Noticed a neqoxec
   310 | D        | Noticed a neqoxec
   310 | D        | Noticed a neqoxec
   310 | D        | Noticed a neqoxec
   313 | D        | Gained mutation: Armour fits poorly on your strangely
                  | shaped body. [a neqoxec]
   315 | D        | Killed a neqoxec
   316 | D        | Reached skill level 1 in Dodging
   316 | D        | Reached XP level 6. HP: 64/64 MP: 5/5
   319 | D        | Gained mutation: You are weak. (Str -2) [a neqoxec]
   320 | D        | Killed a neqoxec
   320 | D        | Gained mutation: Your body sometimes deteriorates upon
                  | taking damage. [a neqoxec]
   321 | D        | Reached skill level 10 in Fighting
   321 | D        | Reached skill level 10 in Armour
   327 | D        | Killed a neqoxec
   328 | D        | Reached XP level 7. HP: 41/73 MP: 6/6
   331 | D        | Gained mutation: You have hidden genetic potential. [a
                  | neqoxec]
   335 | D        | Killed a neqoxec
   526 | D        | Noticed a wyvern
   526 | D        | Noticed a wyvern
   535 | D        | Killed a wyvern
   536 | D        | Reached skill level 10 in Axes
   536 | D        | Reached skill level 10 in Shields
   539 | D        | HP: 3/74 [wyvern (2)]
   540 | D        | HP: 1/74 [wyvern (2)]
   541 | D        | Slain by a wyvern

Illustrated notes

Levels and vault maps discovered:
D:        the_violet_keep_of_menkaure [sprint2_stairs_cluster_1,
          sprint2_shoproom, sprint2_temple, sprint2_basic_supplies,
          sprint2_obstacle_4, sprint2_obstacle_5, sprint2_obstacle_6,
          sprint2_obstacle_3, sprint2_obstacle_1, sprint2_timed_cluster_1,
          sprint2_smallroom_cluster_1, sprint2_smallroom_final_cluster_1,
          sprint2_transparent_cluster_1, sprint2_second_timed_cluster_1,
          sprint2_sniper_area_1, sprint2_heavy_combat_area_1,
          sprint2_mutation_trap_area_1, sprint2_forest_area_1,
          sprint2_light_combat_area_1, sprint2_behind_water_1,
          sprint2_near_end_vault_1]

Skill      XL: |  1  2  3  4  5  6  7 |
---------------+----------------------+-----
Fighting       | 6 7 8 9 10 11 | 11.2
Axes           | 3 4 5 7 8 10 | 10.1
Armour         | 6 7 8 9 11 | 11.7
Shields        | 6 7 8 9 10 | 10.0
Dodging        | 1 2 |  2.0
Stealth        | |  0.1

Action                   |  1- 3 |  4- 6 |  7- 9 || total
-------------------------+-------+-------+-------++-------
Melee: War axe           |    11 |    22 |    23 ||    56
       Headbutt          |     1 |     4 |     5 ||    10
  Use: Potion            |     1 |     3 |       ||     4
Armor: Scale mail        |     3 |     2 |     5 ||    10
Dodge: Dodged            |     4 |     4 |     8 ||    16
Block: Buckler           |     3 |     4 |     6 ||    13
